 Dungeon Crawl Stone Soup version 0.31-a0-188-g5e087ee2ca (webtiles) character file.

Game seed: 469874314768266246

167 qw the Skirmisher (level 5, 0/29 HPs)
             Began as a Deep Elf Hunter on June 23, 2023.
             Slain by Sigmund
             ... wielding a +0 scythe
              (3 damage)
             ... on level 3 of the Dungeon.
             The game lasted 00:01:00 (1953 turns).

qw the Skirmisher (Deep Elf Hunter)                 Turns: 1953, Time: 00:01:00

Health: 0/29       AC:  7    Str: 10    XL:     5   Next: 23%
Magic:  7/7        EV:  9    Int: 14    God:
Gold:   30         SH:  0    Dex: 18    Spells: 4/4 levels left

rFire   . . .        Y - +0 shortbow
rCold   . . .        (shield currently unavailable)
rNeg    . . .        i - +0 scale mail
rPois   .            a - +0 helmet
rElec   .            (no cloak)
rCorr   .            (no gloves)
SInv    .            (no boots)
Will    .....        b - amulet of faith
Stlth   +            (no ring)
HPRegen 0.24/turn    (no ring)
MPRegen 0.10/turn

%: faith
@: no status effects
A: no striking features
a: no special abilities


You were on level 3 of the Dungeon.
You visited 1 branch of the dungeon, and saw 3 of its levels.

You collected 30 gold pieces.


   Skills:
 - Level 1.5 Fighting
 + Level 8.7 Ranged Weapons
 - Level 2.4 Dodging
 - Level 1.2 Stealth


You had 4 spell levels left.
You didn't know any spells.
Your spell library was empty.

Inventory:

Hand Weapons
 Y - a +0 shortbow (weapon)
Armour
 a - a +0 helmet (worn)
 i - a +0 scale mail (worn)
Jewellery
 b - an amulet of faith (around neck)
Potions
 d - a potion of might {unknown}
 g - a potion of resistance

Dungeon Overview and Level Annotations

Branches:
Dungeon (3/15)

Altars:
Trog

Annotations:
D:3 Sigmund


Message History

You shoot an arrow. The arrow closely misses Sigmund.
You shoot an arrow. The arrow hits Sigmund.
Sigmund is moderately wounded.
You shoot an arrow. The arrow closely misses Sigmund.
You shoot an arrow. The arrow hits Sigmund.
Sigmund is moderately wounded.
Sigmund gestures at you while chanting. The puff of flame hits you.
You shoot an arrow. The arrow closely misses Sigmund.
Sigmund hits you from afar with a +0 scythe!
You shoot an arrow. The arrow hits Sigmund.
Sigmund is moderately wounded.
Sigmund hits you from afar with a +0 scythe!
You shoot an arrow. The arrow closely misses Sigmund.
You shoot an arrow.
The arrow hits Sigmund but does no damage.
Sigmund is moderately wounded.
Sigmund casts a spell at you.
The puff of flame hits you but does no damage.
Sigmund hits you from afar with a +0 scythe.
You shoot an arrow. The arrow closely misses Sigmund.
You shoot an arrow. The arrow closely misses Sigmund.
Sigmund barely misses you.
You shoot an arrow. The arrow closely misses Sigmund.
Sigmund hits you from afar with a +0 scythe.
You shoot an arrow. The arrow closely misses Sigmund.
Sigmund barely misses you.
You shoot an arrow. The arrow completely misses Sigmund.
Sigmund hits you from afar with a +0 scythe.
You shoot an arrow. The arrow barely misses Sigmund.
Sigmund barely misses you.
You shoot an arrow.
The arrow hits Sigmund but does no damage.
Sigmund is moderately wounded.
Sigmund mumbles some strange words.
Sigmund flickers and vanishes!
Deactivating autopickup; reactivate with Ctrl-A.
You shoot an arrow. Something hits you.
You die...

..#......#
.#......# .......#
#. ...#.# ......#
#.###.....# .....#
....#.....# {...
....#.....######.#
......... #.....@#
.......####.....##
..........#.....#
........# #.....#
####..).# ##....#
###....# #.<..#
#......####...<#
#.##...........#
#.##.#.####....###


There were no monsters in sight!

Vanquished Creatures
  Jessica (D:2)
  Terence (D:2)
  Robin (D:2)
  4 adders (D:2)
  A worm (D:2)
  A dart slug (D:2)
  3 ball pythons (D:2)
  4 bats
  An endoplasm (D:2)
  3 giant cockroaches
  10 goblins
  A hobgoblin (D:2)
  13 jackals
  3 quokkas (D:2)
  2 frilled lizards
  6 kobolds
  6 rats
61 creatures vanquished.

Notes
Turn   | Place    | Note
-------+----------+-------------------------------------------
     0 | D:1      | qw the Deep Elf Hunter began the quest for the Orb.
     0 | D:1      | Reached XP level 1. HP: 12/12 MP: 3/3
     0 | D:1      | 0 ||| qw: Version: 0.3-a-9-g12657ce
     0 | D:1      | 0 ||| qw: Game counter: 3775
     0 | D:1      | 0 ||| qw: Always use a shield: true
     0 | D:1      | 0 ||| qw: God list: Okawaru
     0 | D:1      | 0 ||| qw: Allow faded altars: false
     0 | D:1      | 0 ||| qw: Do Orc after D:15 true
     0 | D:1      | 0 ||| qw: Do second Lair branch before Depths: true
     0 | D:1      | 0 ||| qw: Lair rune preference: random
     0 | D:1      | 0 ||| qw: Plans: Normal
     0 | D:1      | 0 ||| PLANNING D:1-11
   170 | D:1      | Reached XP level 2. HP: 15/16 MP: 4/4
   172 | D:1      | Reached skill level 6 in Ranged Weapons
   682 | D:1      | 682 ||| READING scroll labelled EHAUNA YKKAMP.
   683 | D:1      | 683 ||| READING scroll labelled YFFOSO IDWEORATY.
   684 | D:1      | 684 ||| DROPPING scroll of butterflies.
   797 | D:2      | Reached XP level 3. HP: 20/20 MP: 5/5
   908 | D:2      | Reached skill level 7 in Ranged Weapons
   915 | D:2      | HP: 4/20 [ball python (2)]
   921 | D:2      | HP: 4/20 [jackal (1)]
   948 | D:2      | 948 ||| FLEEEEING.
   970 | D:2      | 970 ||| FLEEEEING.
   972 | D:2      | 972 ||| FLEEEEING.
   976 | D:2      | 976 ||| STAIRDANCE
   990 | D:1      | 990 ||| UPGRADING to amulet of faith.
   995 | D:1      | 995 ||| READING scroll labelled UQICKI LORR.
  1144 | D:2      | Noticed Robin
  1146 | D:2      | 1146 ||| FLEEEEING.
  1147 | D:2      | 1147 ||| FLEEEEING.
  1148 | D:2      | 1148 ||| FLEEEEING.
  1149 | D:2      | 1149 ||| FLEEEEING.
  1159 | D:2      | Killed Robin
  1160 | D:2      | Reached XP level 4. HP: 21/25 MP: 6/6
  1163 | D:2      | 1163 ||| FLEEEEING.
  1164 | D:2      | 1164 ||| FLEEEEING.
  1368 | D:2      | Reached skill level 8 in Ranged Weapons
  1511 | D:2      | Found a bloodstained altar of Trog.
  1519 | D:2      | Noticed Jessica
  1523 | D:2      | 1523 ||| FLEEEEING.
  1524 | D:2      | 1524 ||| FLEEEEING.
  1525 | D:2      | 1525 ||| FLEEEEING.
  1528 | D:2      | Killed Jessica
  1529 | D:2      | Reached XP level 5. HP: 22/29 MP: 7/7
  1620 | D:2      | Noticed Terence
  1634 | D:2      | Killed Terence
  1734 | D:2      | 1734 ||| UPGRADING to +0 helmet.
  1739 | D:2      | 1739 ||| UPGRADING to +0 scale mail.
  1749 | D:2      | 1749 ||| DROPPING +0 leather armour.
  1750 | D:2      | 1750 ||| READING scroll labelled NEGGALEOGH.
  1751 | D:2      | 1751 ||| READING scroll labelled VOCRED XIODEHI.
  1752 | D:2      | 1752 ||| READING scroll labelled YZOINE TIUSUNT.
  1754 | D:2      | 1754 ||| Stepping ~*~*~tactically~*~*~ (cloud).
  1760 | D:2      | HP: 7/29 [poisoned by you (poison gas)]
  1937 | D:3      | Noticed Sigmund
  1945 | D:3      | HP: 7/29 [Sigmund/+0 scythe (6)]
  1950 | D:3      | HP: 2/29 [Sigmund/+0 scythe (3)]
  1953 | D:3      | Slain by Sigmund

Levels and vault maps discovered:
D:1:      saegor_arrival_simple_c, layout_basic
D:2:      minmay_angry_zag, layout_loops_ring, basic_altar,
          minmay_stone_trees_small, minmay_heptomino_w4, uniq_jessica,
          uniq_terence, uniq_robin
D:3:      layout_basic, palyth_temple_overflow_mages, minmay_lizard_king,
          uniq_sigmund

Skill      XL: |  1  2  3  4 |
---------------+-------------+-----
Ranged Weapons | 6 7 8 |  8.7
Fighting       | |  1.5
Dodging        | |  2.4
Stealth        | |  1.2

Action                     |  1- 3 |  4- 6 || total
---------------------------+-------+-------++-------
   Fire: Shortbow          |   130 |    94 ||   224
    Use: Scroll            |     3 |     3 ||     6
 Armour: Leather armour    |    25 |    10 ||    35
         Scale mail        |       |     1 ||     1
  Dodge: Dodged            |    44 |    26 ||    70

Table legend:
 A = Non-vault XP
 B = Vault XP
 C = Vault XP percentage of total XP
 D = Non-vault monster count
 E = Vault monster count
 F = Vault count percentage of total count
                 A         B        C        D         E       F
            +---------+---------+-------+---------+---------+-------
      Total |      77 |     162 |  67.8 |      37 |      24 |  39.3
            +---------+---------+-------+---------+---------+-------
        D:1 |      26 |       0 |   0.0 |      15 |       0 |   0.0
        D:2 |      51 |     162 |  76.1 |      22 |      24 |  52.2
            +---------+---------+-------+---------+---------+-------
